 Dungeon Crawl Stone Soup version 0.30-a0-867-g305f33218d (webtiles) character file.

Game seed: 13182725078269557484

7403 Darkkill the Fighter (level 10, -2/94 HPs)
             Began as a Minotaur Hunter on Mar 10, 2023.
             Was an Initiate of Gozag.
             Slain by Snorg (9 damage)
             ... on level 10 of the Dungeon.
             The game lasted 00:15:29 (7993 turns).

Darkkill the Fighter (Minotaur Hunter)              Turns: 7993, Time: 00:15:29

Health: -2/94      AC: 29    Str: 25    XL:     10   Next: 92%
Magic:  9/9        EV: 12    Int:  9    God:    Gozag
Gold:   723        SH:  0    Dex: 21    Spells: 9/9 levels left

rFire   . . .      SeeInvis .    a - +7 arbalest of Qoic {freeze, Str+3 Dex+3}
rCold   . . .      Faith    .    (shield currently unavailable)
rNeg    . . .      Spirit   .    p - +15 Maxwell's patent armour {-Cast -Tele rElec Will+ rCorr}
rPois   .          Reflect  .    E - +1 hat {Int+3}
rElec   +          Rampage  .    s - +2 cloak
rCorr   +          NoTele   +    (no gloves)
Will    +....      NoCast   +    (no boots) Stlth
                                 (no amulet)
HPRegen 0.35/turn                r - +6 ring of strength
MPRegen 0.11/turn                (no ring)

@: no status effects
A: horns 2, retaliatory headbutt
a: Renounce Religion, Potion Petition, Call Merchant, Bribe Branch


You were on level 10 of the Dungeon.
You worshipped Gozag.
Gozag was pleased with you.
You visited 2 branches of the dungeon, and saw 11 of its levels.
You also visited: Sewer.

You collected 1781 gold pieces.
You paid 1058 gold pieces to Gozag.

Inventory:

Hand Weapons
 a - the +7 arbalest of Qoic (weapon) {freeze, Str+3 Dex+3}
   (You acquired it on level 5 of the Dungeon)

   Str:       It affects your strength (+3).
   Dex:       It affects your dexterity (+3).
 b - a +0 scythe
Missiles
 d - 87 stones
 l - 40 poisoned darts
 t - 5 boomerangs
 x - 2 atropa-tipped darts
 z - 6 curare-tipped darts {=f !f}
 D - 2 silver javelins
 I - 6 javelins
Armour
 p - the +15 Maxwell's patent armour (worn) {-Cast -Tele rElec Will+ rCorr}
   (You acquired it on level 3 of the Dungeon)

   rElec:     It insulates you from electricity.
   -Cast:     It prevents spellcasting.
   -Tele:     It prevents most forms of teleportation.
   rCorr:     It protects you from acid and corrosion.
   Will:      It increases your willpower.
 s - a +2 cloak (worn)
 E - a +1 hat of intelligence (worn)
Jewellery
 r - a +6 ring of strength (left hand)
Wands
 c - a wand of flame (46)
 w - a wand of roots (6)
 y - a wand of acid (15)
 J - a wand of charming (1)
Scrolls
 g - 4 scrolls of amnesia
 h - 4 scrolls of identify {@r1}
 i - 2 scrolls of blinking
 k - 3 scrolls of fog
 m - 3 scrolls of immolation
 B - 3 scrolls of butterflies
 C - 2 scrolls of teleportation
 G - 2 scrolls of fear
Potions
 e - 3 potions of curing {@q1}
 f - 2 potions of magic
 j - 3 potions of might
 n - a potion of mutation
 o - 4 potions of flight
 q - a potion of brilliance
 u - 2 potions of ambrosia
 v - a potion of attraction
 A - a potion of invisibility
 F - a potion of haste


   Skills:
 + Level 10.4 Fighting
 + Level 10.3 Ranged Weapons
 + Level 9.5 Dodging
 + Level 7.8 Stealth


You had 9 spell levels left.
You didn't know any spells.
Your spell library contained the following spells:

 Spells                   Type           Power      Damage    Failure   Level
 Freeze                   Ice            0%         1d3       100%        1
 Kiss of Death            Conj/Necr      0%         2d5       100%        1
 Blink                    Tloc           0%         N/A       100%        2
 Cigotuvi's Dreadful Rot  Necr/Pois/Air  0%         N/A       100%        2
 Lesser Beckoning         Tloc           0%         N/A       100%        2
 Momentum Strike          Conj/Tloc      0%         3d8       100%        2
 Static Discharge         Conj/Air       0%         2-2/arc   100%        2
 Sublimation of Blood     Necr           0%         N/A       100%        2
 Wereblood                Tmut           0%         N/A       100%        2
 Confusing Touch          Hex            0%         N/A       100%        3
 Frozen Ramparts          Ice            0%         1d1       100%        3
 Hailstorm                Conj/Ice       0%         3d3       100%        3
 Ignite Poison            Fire/Tmut/Pois 0%         N/A       100%        3
 Tukima's Dance           Hex            0%         N/A       100%        3
 Vhi's Electric Charge    Tloc/Air       0%         N/A       100%        3
 Dispel Undead            Necr           0%         3d6       100%        4
 Passage of Golubria      Tloc           0%         N/A       100%        4
 Sticky Flame             Conj/Fire      0%         2d3       100%        4
 Arcjolt                  Conj/Air       0%         1d10      100%        5
 Lightning Bolt           Conj/Air       0%         1d11      100%        5
 Yara's Violent Unravell  Hex/Tmut       0%         3d3       100%        5
 Death Channel            Necr           0%         N/A       100%        6
 Summon Hydra             Summ           0%         N/A       100%        7
 Ignition                 Fire           0%         3d3       100%        8


Dungeon Overview and Level Annotations

Branches:
Dungeon (10/15)            Temple (1/1) D:4           Sewer (visited)
   Lair: D:8-11         Orc: D:9-12

Altars:
Cheibriados
Dithmenos
Elyvilon
Fedhas
Gozag
Hepliaklqana
Kikubaaqudgha
Makhleb
Nemelex Xobeh
Okawaru
Qazlal
Ru
Sif Muna
Trog
Vehumet
Wu Jian
Xom
Yredelemnul
Zin
The Shining One

Shops:
D:3 (   D:6 [   D:9 [

Annotations:
D:4 1 runed translucent door, Crazy Yiuf
D:5 3 runed translucent doors, Axe's ghost, novice VSFi
D:8 1 runed translucent door, zenocrate's ghost, novice OpTm
D:10 Snorg


Innate Abilities, Weirdness & Mutations

You have a pair of horns on your head.
You reflexively headbutt those who attack you in melee.


Message History

You now have 1208 gold pieces (gained 8).
You see here a +2 vampiric whip.
There is an open door here.
You now have 1217 gold pieces (gained 9).
There is an open door here.
You see here a +2 vampiric whip.
You now have 1223 gold pieces (gained 6).
You now have 1228 gold pieces (gained 5).
You see here a +0 club.
There is an open door here.
Found a kobold skeleton.
No target in view!
Found a kobold skeleton.
There is an open door here.
No target in view!
There is an open door here.
There is an open door here.
You see here a kobold skeleton.
You see here a kobold skeleton.
You see here a kobold skeleton.
There is an open door here.
There is an open door here.
There is an open gate here.
You see here a +2 dagger of draining.
There is an open gate here.
I - 3 javelins
J - a wand of charming (2) No target in view!
You see here a +0 whip.
You see here a +0 dagger.
Items here: ))))))))) [.
Items here: ))))).
Done exploring.
No target in view!
Done exploring.
No target in view!
Done exploring.
No target in view!
Done exploring.
No target in view!
Done exploring.
No target in view!
Done exploring.
As you read the scroll labelled NOEFRO GIOT, it crumbles to dust.
You hear a loud clanging noise!
It was a scroll of noise.
Okay, then.
Unknown command. [a] 965 gold - Ajaucul's Magic Scroll Shoppe [b] 962 gold - Geallu's Jewellery Boutique [c] 505 gold - Quobor's Antique Armour Boutique Fund which merchant?
You no longer have enough gold to fund merchants seeking to open stores in the dungeon.
Quobor invites you to visit her Antique Armour Boutique.
There is a stone staircase leading down here.
You climb downwards.
There is a stone staircase leading up here.
I - 6 javelins (gained 3)
You open the door.
There is an open door here.
Snorg the Insatiable comes into view.
Snorg shouts!
You hear an angry hiss.
You shoot a bolt. The bolt barely misses Snorg.
Snorg goes berserk!
A wyvern comes into view.
You shoot a bolt. The bolt hits Snorg.
The bolt freezes Snorg.
Snorg is lightly wounded.
Snorg bites you!! Snorg claws you! Snorg closely misses you.
You are too injured to fight recklessly!
You are too injured to fight recklessly!
You are too injured to fight recklessly!
You are too injured to fight recklessly!
Fire: a) +7 arbalest of Qoic {freeze, Str+3 Dex+3}
Press: ? - help, Q - select action, (/) - cycle Shift-Dir - straight line, f/p - Snorg
Aim: Snorg (lightly wounded, berserk, 73% to hit)
You shoot a bolt. The bolt hits Snorg.
The bolt freezes Snorg.
Snorg is lightly wounded.
Snorg bites you! Snorg completely misses you. Snorg claws you. Snorg bites you.
Snorg claws you. Snorg barely misses you. Snorg bites you.
Snorg claws you but does no damage. Snorg claws you!
* * * LOW HITPOINT WARNING * * *
Read: 2 scrolls of fear
Press: ? - help, Q - select action, (/) - cycle Dir - look around, f - activate Look: a wyvern (chance to affect: 97%)
Okay, then.
You feel better. Snorg barely misses you. Snorg claws you but does no damage.
Snorg claws you!
* * * LOW HITPOINT WARNING * * *
Snorg bites you!!
* * * LOW HITPOINT WARNING * * *
Snorg misses you. Snorg claws you but does no damage.
Aiming: Charm
Press: ? - help, Q - select action, (/) - cycle Shift-Dir - straight line, f/p - Snorg
Aim: Snorg (lightly wounded, berserk, chance to affect: 17%) Snorg resists with almost no effort.
Snorg closely misses you. Snorg claws you but does no damage. x2
The wyvern bites you but does no damage.
Snorg rages.
Snorg bites you!
You die...
Your body crumbles into a pile of gold.

############ #..........#
#..........# ##
#..........#########
.#####...................
.........................
.........................
.................l.......
................@T.......
############'##+##.......
# ............#....... #
............#....... #
............+....... #
............#....... #
............+....... #
#############.......


You could see Snorg (berserk) and a wyvern.

Vanquished Creatures
  Gastronok (D:8)
  A two-headed ogre (D:7)
  Pikel (D:6)
  Joseph (D:8)
  Psyche (D:9)
  Maggie (D:9)
  A kobold demonologist (D:9)
  A hornet (D:8)
  A wyvern (D:7)
  A wraith (D:9)
  An acid dragon (D:8)
  3 water moccasins (D:8)
  3 ice beasts
  A sky beast (D:8)
  3 black bears (D:6)
  An ogre (D:6)
  2 centaurs
  A lemure (D:6)
  A phantom (D:6)
  7 kobold brigands (D:9)
  8 bullfrogs
  2 scorpions (D:4)
  A gnoll sergeant (D:7)
  3 wights (D:6)
  4 howler monkeys
  2 jellies
  A hound (D:6)
  An orc priest (D:4)
  3 iguanas
  7 orc wizards
  2 sleepcaps
  8 gnolls
  22 adders
  2 shadow imps (D:9)
  6 white imps
  An ufetubus (D:6)
  5 worms
  A dart slug (D:5)
  21 orcs
  5 bats
  14 endoplasms
  11 giant cockroaches
  14 goblins
  11 hobgoblins
  9 quokkas
  18 ball pythons
  11 frilled lizards
  35 kobolds
  3 kobold skeletons (D:9)
  15 kobold zombies (D:9)
  4 rats
283 creatures vanquished.

Vanquished Creatures (others)
  4 fungi (D:8)
  3 plants (D:8)
7 creatures vanquished.

Grand Total: 290 creatures vanquished

Notes
Turn   | Place    | Note
-------+----------+-------------------------------------------
     0 | D:1      | Darkkill the Minotaur Hunter began the quest for the Orb.
     0 | D:1      | Reached XP level 1. HP: 18/18 MP: 0/0
    49 | D:1      | Reached skill level 1 in Stealth
   198 | D:1      | Reached XP level 2. HP: 21/25 MP: 1/1
   346 | D:1      | Found a faded altar of an unknown god.
   473 | D:1      | Reached XP level 3. HP: 31/31 MP: 2/2
  1060 | D:2      | Reached XP level 4. HP: 38/38 MP: 3/3
  1093 | D:2      | Identified the +4 short sword of Okawaru's Condemnation
                  | {venom, Drain Str+5}
  1458 | D:3      | Found Ozuaq's Weapon Boutique.
  1485 | D:3      | Found a glowing drain.
  1496 | D:3      | Reached skill level 5 in Ranged Weapons
  1567 | Sewer    | Entered a sewer
  1721 | Sewer    | Reached XP level 5. HP: 46/46 MP: 4/4
  1861 | Sewer    | Reached XP level 6. HP: 46/53 MP: 5/5
  1931 | D:3      | Found an opulent altar of Gozag.
  1934 | D:3      | Found a bloodstained altar of Trog.
  1948 | D:3      | Became a worshipper of Gozag Ym Sagoz the Greedy
  2533 | D:3      | Identified a scroll of acquirement
  2533 | D:3      | Acquired the +15 Maxwell's patent armour {-Cast -Tele rElec
                  | Will+ rCorr}
  2533 | D:3      | Found the +15 Maxwell's patent armour {-Cast -Tele rElec
                  | Will+ rCorr}
  2860 | D:4      | Found a runed translucent door.
  2861 | D:4      | Noticed Crazy Yiuf
  3038 | D:4      | Found a glowing silver altar of Zin.
  3075 | D:4      | Reached skill level 5 in Fighting
  3075 | D:4      | Reached XP level 7. HP: 59/61 MP: 6/6
  3425 | D:4      | Found a staircase to the Ecumenical Temple.
  3768 | Temple   | Entered the Ecumenical Temple
  3870 | D:5      | Entered Level 5 of the Dungeon
  3974 | D:4      | Reached skill level 5 in Dodging
  4242 | D:5      | Reached XP level 8. HP: 69/70 MP: 7/7
  4627 | D:5      | Found a runed translucent gate.
  4627 | D:5      | Found a runed translucent gate.
  4627 | D:5      | Found a runed translucent gate.
  4628 | D:5      | Noticed Axe's ghost (novice VSFi)
  4697 | D:5      | Acquired the +7 arbalest of Qoic {freeze, Str+3 Dex+3}
  5166 | D:6      | Reached skill level 5 in Stealth
  5170 | D:6      | Noticed Pikel
  5176 | D:6      | Killed Pikel
  5177 | D:6      | Reached XP level 9. HP: 73/79 MP: 8/8
  5628 | D:7      | Noticed a two-headed ogre
  5633 | D:7      | Killed a two-headed ogre
  5800 | D:7      | Found a white marble altar of Elyvilon.
  5873 | D:7      | Found a snail-covered altar of Cheibriados.
  6336 | D:8      | Found a shimmering altar of Xom.
  6405 | D:8      | Noticed Joseph
  6410 | D:8      | Killed Joseph
  6411 | D:8      | Reached XP level 10. HP: 87/91 MP: 7/9
  6458 | D:8      | Found a basalt altar of Yredelemnul.
  6681 | D:8      | Found a runed translucent door.
  6684 | D:8      | Noticed zenocrate's ghost (novice OpTm)
  6686 | D:8      | Identified the +6 trident "Kumir" {holy, Str+3}
  6795 | D:8      | Noticed Gastronok
  6809 | D:8      | Killed Gastronok
  7330 | D:9      | Noticed Psyche
  7335 | D:9      | Killed Psyche
  7337 | D:9      | Noticed Maggie
  7344 | D:9      | Killed Maggie
  7345 | D:9      | Reached skill level 10 in Fighting
  7345 | D:9      | Reached skill level 10 in Ranged Weapons
  7625 | D:9      | Noticed a sixfirhy
  7777 | D:9      | Found an ancient bone altar of Kikubaaqudgha.
  7961 | D:10     | Entered Level 10 of the Dungeon
  7987 | D:10     | Noticed Snorg
  7991 | D:10     | HP: 6/94 [Snorg (20)]
  7993 | D:10     | Slain by Snorg

Illustrated notes

Levels and vault maps discovered:
D:1:      roderic_crossed_star, layout_loops_ring, basic_ecumenical_altar,
          minivault_4
D:2:      layout_rooms, nicolae_wormholes
D:3:      layout_rooms, nicolae_overflow_squiral, cheibrodos_sewer_entry_sluice,
          serial_shops, shop, serial_aquarium, aquarium_bridge_straight
          [aquarium_subvault_bridge, aquarium_subvault_window,
          aquarium_subvault_bridge, aquarium_subvault_window],
          aquarium_window_corner, aquarium_window_1, aquarium_view_2e,
          aquarium_balcony_5a, aquarium_pool_double, minivault_25,
          minmay_box_of_dots
D:4:      layout_loops_corners, overflow_temple_1_default, temple_fountains,
          uniq_crazy_yiuf_cottage
D:5:      layout_rooms, ebering_ghost_rock_garden, minivault_11
D:6:      wad_crossroads, layout_loops_ring, chequers_serial_rivers_micro_c,
          uniq_pikel
D:7:      layout_rooms, mainiacjoe_overflow_boulevard,
          mainiacjoe_overflow_cross_hatched, chequers_serial_rivers_micro_d
D:8:      layout_loops_ring, mainiacjoe_overflow_tiny_flanked,
          kennysheep_little_box, ebering_ghost_funeral_grove, sigmund_army,
          uniq_joseph, uniq_gastronok
D:9:      wander_kiku_kobolds, layout_basic, hangedman_abyss_or_decor_clamps,
          uniq_maggie, uniq_psyche
D:10:     minmay_slanted_spiral_squares, layout_irregular_city,
          amethyst_overflow_temple_binary, uniq_snorg
Temple:   nicolae_temple_god_jail

Skill      XL: |  1  2  3  4  5  6  7  8  9 10 |
---------------+-------------------------------+-----
Stealth        | 1 2 3 4 5 6 7 |  7.8
Fighting       | 3 4 5 6 7 9 10 | 10.4
Dodging        | 3 4 5 6 8 9 |  9.5
Ranged Weapons | 5 6 7 9 10 | 10.3

Action                     |  1- 3 |  4- 6 |  7- 9 | 10-12 || total
---------------------------+-------+-------+-------+-------++-------
   Fire: Shortbow          |    95 |   246 |   104 |       ||   445
         Arbalest          |       |       |   116 |   131 ||   247
 Invoke: Call Merchant     |       |       |     1 |     1 ||     2
  Evoke: Wand              |       |       |       |     1 ||     1
    Use: Scroll            |     5 |    11 |     9 |     4 ||    29
         Potion            |       |     2 |       |     1 ||     3
 Armour: Leather armour    |     6 |    22 |       |       ||    28
         Plate armour      |       |    57 |   244 |    64 ||   365
  Dodge: Dodged            |    20 |    79 |    81 |    72 ||   252

Table legend: (Time is in decaauts)
 A = Elapsed time spent in this place.
 B = Non-inter-level travel time spent in this place.
 C = Inter-level travel time spent in this place.
 D = Time resting spent in this place.
 E = Time spent auto-exploring this place.
 F = Levels seen in this place.
 G = Mean time per level.
                   A        B        C        D        E       F      G
               +--------+--------+--------+--------+--------+-----+--------+
         Total |   8506 |   8052 |    454 |    275 |   6018 |  12 |  708.8 |
       Dungeon |   8020 |   7579 |    441 |    275 |   5751 |  10 |  802.0 |
        Temple |     71 |     58 |     13 |      0 |     50 |   1 |   71.0 |
         Sewer |    415 |    415 |      0 |      0 |    217 |   1 |  415.0 |
               +--------+--------+--------+--------+--------+-----+--------+

Top non-repeatable levels by time:
     D:4: 1574 daAuts
     D:8: 1089 daAuts
     D:6: 908 daAuts
     D:3: 826 daAuts
     D:9: 758 daAuts
     D:2: 751 daAuts
     D:1: 737 daAuts
     D:7: 682 daAuts
     D:5: 657 daAuts
   Sewer: 415 daAuts
  Temple: 71 daAuts
    D:10: 34 daAuts

Table legend:
 A = Kills in this place as a percentage of kills in the entire game.
 B = Kills by you in this place as a percentage of kills by you in the entire game.
 C = Kills by friends in this place as a percentage of kills by friends in the entire game.
 D = Other kills in this place as a percentage of other kills in the entire game.
 E = Experience gained in this place as a percentage of experience gained in the entire game.
 F = Experience gained in this place divided by the number of levels of this place that you have seen.
                   A       B       C       D       E      F
               +-------+-------+-------+-------+-------+----------------------
         Total | 100.0 | 100.0 |   N/A |   N/A | 100.0 | 881.3
       Dungeon |  83.7 |  83.7 |   N/A |   N/A |  97.0 | 1026.2
         Sewer |  16.3 |  16.3 |   N/A |   N/A |   3.0 | 314.0
               +-------+-------+-------+-------+-------+----------------------
